 Dungeon Crawl Stone Soup version 0.26.0-10-g1f06aea511 (webtiles) character file.

Game seed: 16636875454406714804

23124 inc the Jinx (level 12, -3/51 HPs)
             Began as a Felid Enchanter on Jan 30, 2021.
             Was a High Priest of Zin.
             Splashed by a jelly's acid (6 damage)
             ... on level 4 of the Lair of Beasts.
             The game lasted 00:50:51 (27543 turns).

inc the Jinx (Felid Enchanter)                     Turns: 27543, Time: 00:50:51

Health: -3/51      AC:  3    Str:  4    XL:     12   Next: 69%
Magic:  18/18      EV: 30    Int: 18    God:    Zin [*****.]
Gold:   1020       SH:  0    Dex: 20    Spells: 3/15 levels left
                                        Lives:  0   Deaths: 3

rFire    x . .     SeeInvis +     - Unarmed
rCold    + + .     Faith    +   (shield unavailable)
rNeg     . . .     Spirit   .   (armour unavailable)
rPois    .         Reflect  .   (helmet unavailable)
rElec    .         Harm     .   (cloak unavailable)
rCorr    .         Rampage  .   (gloves unavailable)
Will     ++...                  (boots unavailable)
Stlth    ++++++....             o - amulet of faith
HPRegen  0.17/turn              l - ring of willpower
MPRegen  0.16/turn              u - ring of ice

@: quick
A: very small, no armour, no weapons or thrown items, stealth, claws 1, fangs 3,
see invisible, speed 1, shaggy fur 3, sharp paws
a: Renounce Religion, Recite, Vitalisation, Imprison, Sanctuary, Donate Gold


You were on level 4 of the Lair of Beasts.
You worshipped Zin.
Zin was extremely pleased with you.
You visited 3 branches of the dungeon, and saw 16 of its levels.
You also visited: Sewer.

You collected 1133 gold pieces.
You donated 113 gold pieces to Zin.

Inventory:

Jewellery
 l - a ring of willpower (left paw)
 o - an amulet of faith (around neck)
 u - a ring of ice (right paw)
 C - an uncursed amulet of the acrobat
 E - an uncursed amulet of guardian spirit {unknown}
 H - an uncursed ring of protection from cold
 L - an uncursed ring of see invisible
Wands
 m - a wand of digging (5)
 w - a wand of iceblast (3)
 x - a wand of flame (3)
 y - a wand of disintegration (28)
 A - a wand of enslavement (12)
 F - a wand of paralysis (10)
 K - a wand of acid (4)
Scrolls
 a - 6 scrolls of teleportation
 c - a scroll of blinking
 g - a scroll of acquirement {unknown}
 h - 3 scrolls of magic mapping {unknown}
 k - a scroll of amnesia
 n - a scroll of random uselessness {unknown}
 s - a scroll of immolation {unknown}
 t - 5 scrolls of remove curse
 B - 2 scrolls of fog {unknown}
 G - a scroll of vulnerability {unknown}
 I - a scroll of brand weapon {unknown}
 J - a scroll of identify
Potions
 b - 2 potions of might
 d - a potion of invisibility
 e - 3 potions of attraction
 f - 2 potions of brilliance {unknown}
 i - a potion of mutation {unknown}
 j - a potion of lignification
 p - 4 potions of flight
 q - 2 potions of haste
 r - a potion of berserk rage {unknown}
 v - a potion of magic {unknown}
 z - 8 potions of ambrosia
 D - a potion of heal wounds


   Skills:
 - Level 5.2 Fighting
 - Level 12.8 Dodging
 - Level 14.2 Stealth
 - Level 6.4 Unarmed Combat
 - Level 2.0 Spellcasting
 - Level 14.3 Hexes
 - Level 6.6 Ice Magic
 + Level 7.6 Invocations
 - Level 5.4 Evocations


You had 3 spell levels left.
You knew the following spells:

 Your Spells              Type           Power        Failure   Level
a - Tukima's Dance        Hex            52%          1%          3
b - Ensorcelled Hibernat  Hex/Ice        100%         1%          2
c - Confusing Touch       Hex            52%          1%          3
d - Cause Fear            Hex            26%          1%          4

Your spell library contained the following spells:

 Spells                   Type           Power        Failure   Level
 Corona                   Hex            57%          1%          1
 Slow                     Hex            52%          1%          2
 Dazzling Flash           Conj/Hex       54%          2%          3
 Inner Flame              Hex/Fire       27%          2%          3
 Summon Guardian Golem    Hex/Summ       27%          2%          3
 Animate Skeleton         Necr           2%           19%         1
 Apportation              Tloc           2%           19%         1
 Summon Small Mammal      Summ           4%           19%         1
 Call Imp                 Summ           1%           26%         2
 Call Canine Familiar     Summ           1%           47%         3
 Lesser Beckoning         Tloc           0%           47%         3
 Invisibility             Hex            52%          8%          6
 Leda's Liquefaction      Hex/Erth       13%          10%         4
 Summon Ice Beast         Ice/Summ       20%          43%         4
 Summon Lightning Spire   Summ/Air       1%           87%         4
 Alistair's Intoxication  Tmut/Pois      0%           99%         5
 Bolt of Magma            Conj/Fire/Erth 0%           99%         5
 Irradiate                Conj/Tmut      0%           99%         5
 Iskenderun's Battlesphe  Conj           1%           99%         5
 Hydra Form               Tmut           0%           100%        6
 Iron Shot                Conj/Erth      0%           100%        6
 Statue Form              Tmut/Erth      0%           100%        6
 Dragon Form              Tmut           0%           100%        7
 Orb of Destruction       Conj           0%           100%        7
 Spellforged Servitor     Conj/Summ      0%           100%        7
 Portal Projectile        Hex/Tloc       Unusable     N/A         3

Dungeon Overview and Level Annotations

Branches:
Dungeon (10/15)            Temple (1/1) D:4            Lair (5/6) D:8
  Swamp (0/4) Lair:4       Spider (0/4) Lair:3        Slime (0/5) Lair:5
  Sewer (visited)
    Orc: D:9-12

Altars:
Ashenzari
Cheibriados
Dithmenos
Elyvilon
Fedhas
Gozag
Hepliaklqana
Kikubaaqudgha
Makhleb
Nemelex Xobeh
Okawaru
Qazlal
Ru
Sif Muna
Trog
Uskayaw
Vehumet
Wu Jian
Xom
Yredelemnul
Zin
The Shining One

Shops:
D:5 *   D:7 *   D:8 }}   D:10 [

Annotations:
D:9 1 runed translucent door
Lair:2 exclusion: oklob plant
Lair:4 exclusion: oklob plant
Lair:5 3 runed translucent doors, Plazmod's ghost, journeyman DECj; Urug


Innate Abilities, Weirdness & Mutations

You cannot wear armour.
You are incapable of wielding weapons or throwing items.
Your paws allow you to move quietly. (Stealth)
You have sharp claws.
You have razor-sharp teeth.
You have supernaturally acute eyesight. (SInv)
You cover ground quickly.
Your thick and shaggy fur keeps you warm. (AC +3, rC+)
Your sharp claws are effective at attacking unaware monsters.


Message History

The seven-headed hydra bites you! The seven-headed hydra bites you.
The seven-headed hydra misses you.
The seven-headed hydra barely misses you.
The seven-headed hydra bites you!
The seven-headed hydra barely misses you.
The seven-headed hydra closely misses you.
The seven-headed hydra completely misses you.
The seven-headed hydra bites you!
* * * LOW HITPOINT WARNING * * *
The seven-headed hydra bites you.
* * * LOW HITPOINT WARNING * * *
The seven-headed hydra bites you.
* * * LOW HITPOINT WARNING * * *
The seven-headed hydra completely misses you. x3
There is a stone staircase leading up, spattered with blood here.
Zin will no longer cleanse your potions of mutation.
The jelly hits you.
* * * LOW HITPOINT WARNING * * *
You are splashed with acid.
You die...

.#...P#..#########..### ###...
####..#......## ##..)# #.....
###...........# ####..## #....#
##÷...........###..#...#####....#
......J......###........#.#....##
P....^........##.........#.....#
........D....###...............#
............####.JD....<......##
..§..........#.#@.............##
≈§§.........##..............#..#
♣§§............................##
§§≈...........(.............##...
§§§.........P................#...
≈§.........###..............#.#..
..§........# #..............#####
##........####..............# #
###.......#................#


You could see a seven-headed hydra and a jelly.

Vanquished Creatures
  A boulder beetle (D:9)
  3 hydras
  2 two-headed ogres
  A fire crab (Lair:4)
  A bog body (Lair:4)
  5 elephants (Lair:4)
  A torpor snail (Lair:3)
  8 cane toads
  5 komodo dragons
  4 rime drakes
  A queen bee (Lair:2)
  2 blink frogs
  6 wyverns
  A tarantella (Lair:3)
  29 yaks
  Eustachio (D:6)
  5 basilisks
  13 water moccasins
  3 orc warriors
  4 sky beasts
  3 phantoms
  A black bear (Lair:2)
  5 ogres
  32 wolves
  4 centaurs
  2 big kobolds (D:7)
  3 gnoll sergeants
  13 bullfrogs
  A wyvern skeleton (D:10)
  3 scorpions
  27 killer bees
  A howler monkey (D:10)
  4 wights
  A bullfrog zombie (D:10)
  2 quasits (D:7)
  2 jellies
  A bullfrog skeleton (D:10)
  4 orc priests
  7 hounds
  6 orc wizards
  2 gnoll shamans (D:8)
  Jessica (D:2)
  A centaur skeleton (D:9)
  3 iguanas
  Ijyb (D:5)
  4 hell rats (Lair:2)
  3 worker ants
  2 worker ant zombies
  31 gnolls
  A howler monkey skeleton (D:8)
  18 adders
  5 river rats
  3 white imps
  2 ufetubi
  4 oozes (Sewer)
  An adder skeleton (D:4)
  6 worms
  3 leopard geckos
  25 orcs
  4 giant cockroaches
  10 goblins
  6 hobgoblins
  11 jackals
  5 quokkas
  5 ball pythons
  12 bats
  4 frilled lizards
  15 kobolds
  A quokka skeleton (D:9)
  A quokka zombie (D:8)
  8 rats
  A fire vortex (Lair:3)
417 creatures vanquished.

Vanquished Creatures (collateral kills)
  A killer bee (D:10)
  3 wights
4 creatures vanquished.

Vanquished Creatures (others)
  3 yaks (Lair:5)
  A bush (Lair:4)
  21 fungi
  43 plants
68 creatures vanquished.

Grand Total: 489 creatures vanquished

Notes
Turn   | Place    | Note
-------+----------+-------------------------------------------
     0 | D:1      | inc the Felid Enchanter began the quest for the Orb.
     0 | D:1      | Reached XP level 1. HP: 7/7 MP: 4/4
   661 | D:1      | Reached XP level 2. HP: 9/11 MP: 6/6
  1468 | D:1      | Learned a level 2 spell: Ensorcelled Hibernation
  1561 | D:2      | Reached XP level 3. HP: 14/14 MP: 4/7
  2276 | D:2      | Reached XP level 4. HP: 18/18 MP: 5/8
  2313 | D:2      | Noticed Jessica
  2316 | D:2      | Killed Jessica
  2509 | D:2      | Reached XP level 5. HP: 12/21 MP: 1/9
  2780 | D:1      | Learned a level 3 spell: Confusing Touch
  3034 | D:2      | Reached skill level 1 in Ice Magic
  3310 | D:2      | Reached skill level 5 in Hexes
  3573 | D:3      | Found a faded altar of an unknown god.
  3800 | D:3      | Became a worshipper of Zin the Law-Giver
  3800 | D:3      | Reached * piety under Zin
  3800 | D:3      | Reached ** piety under Zin
  4138 | D:3      | Reached skill level 5 in Stealth
  4710 | D:4      | Gained mutation: You are covered in thick fur. (AC +2)
                  | [Felid growth]
  4710 | D:4      | Reached XP level 6. HP: 16/24 MP: 1/10
  4903 | D:4      | Found a glowing silver altar of Zin.
  5114 | D:4      | Found a glowing drain.
  5118 | Sewer    | Entered a sewer
  6201 | D:4      | Found a staircase to the Ecumenical Temple.
  6215 | Temple   | Entered the Ecumenical Temple
  6680 | D:4      | Reached XP level 7. HP: 27/27 MP: 11/11
  6900 | D:4      | Found a burning altar of Makhleb.
  7007 | D:5      | Entered Level 5 of the Dungeon
  7017 | D:5      | Found Jasigi Sinel's General Store.
  7508 | D:5      | Reached *** piety under Zin
  7871 | D:5      | Noticed Ijyb
  7875 | D:5      | Killed Ijyb
  8311 | D:6      | Reached skill level 10 in Hexes
  8396 | D:6      | Noticed Eustachio
  9016 | D:7      | Mangled by an ogre
  9017 | D:7      | Reached XP level 6. HP: -6/24 MP: 6/10
  9121 | D:7      | Reached XP level 7. HP: 8/27 MP: 9/11
  9412 | D:7      | Reached skill level 5 in Unarmed Combat
  9796 | D:6      | Killed Eustachio
 10068 | D:6      | You fall into a shaft and drop 1 floor!
 10123 | D:6      | Reached **** piety under Zin
 10475 | D:7      | Found Vaudwoe's Elemental Accessories.
 10515 | D:8      | Found Mesy's Gadget Shop.
 11156 | D:7      | Reached XP level 8. HP: 18/31 MP: 7/12
 11317 | D:7      | Reached ***** piety under Zin
 11342 | D:7      | Learned a level 3 spell: Tukima's Dance
 12179 | D:8      | Reached skill level 10 in Stealth
 12652 | D:8      | Reached XP level 9. HP: 34/34 MP: 5/13
 12773 | D:8      | Found a staircase to the Lair.
 13063 | D:7      | Zin protects you from harm!
 13438 | D:8      | Noticed a two-headed ogre
 13455 | D:7      | Killed a two-headed ogre
 13456 | D:7      | Reached XP level 10. HP: 37/37 MP: 8/14
 13565 | D:7      | Slain by a hound
 13566 | D:7      | Reached XP level 9. HP: 0/34 MP: 1/13
 15465 | D:8      | Found Aclin's Gadget Shoppe.
 15931 | D:8      | Found a sacrificial altar of Ru.
 15992 | D:9      | Reached skill level 5 in Ice Magic
 16079 | D:9      | Noticed a boulder beetle
 16108 | D:9      | Killed a boulder beetle
 16109 | D:9      | Reached XP level 10. HP: 28/37 MP: 9/14
 16192 | D:9      | Noticed a two-headed ogre
 16194 | D:9      | Found a runed translucent door.
 16205 | D:9      | Killed a two-headed ogre
 17183 | D:10     | Entered Level 10 of the Dungeon
 17677 | D:10     | HP: 1/37 [killer bee (6)]
 17678 | D:10     | Zin protects you from harm!
 17678 | D:10     | Slain by a killer bee
 17679 | D:10     | Reached XP level 9. HP: -5/34 MP: 0/13
 17981 | D:10     | Found Ytzokobo's Armour Shop.
 18418 | D:10     | Reached skill level 1 in Fighting
 18932 | D:10     | Reached skill level 1 in Evocations
 18956 | D:10     | HP: 1/36 [killer bee (10)]
 19295 | Lair:1   | Entered Level 1 of the Lair of Beasts
 19312 | Lair:1   | Reached XP level 10. HP: 40/40 MP: 14/14
 19471 | Lair:1   | Noticed a six-headed hydra
 19791 | Lair:1   | Killed a six-headed hydra
 20282 | Lair:1   | Noticed an eight-headed hydra
 20291 | Lair:1   | Killed an eight-headed hydra
 20292 | Lair:1   | Reached skill level 5 in Fighting
 20292 | Lair:1   | Reached skill level 5 in Evocations
 20508 | Lair:2   | Noticed an oklob plant
 20707 | Lair:2   | Noticed a cane toad
 20715 | Lair:2   | Killed a cane toad
 20716 | Lair:2   | Reached XP level 11. HP: 48/48 MP: 15/15
 20809 | Lair:2   | Reached skill level 5 in Dodging
 22785 | Lair:3   | Reached skill level 10 in Dodging
 23046 | Lair:3   | Reached ****** piety under Zin
 23376 | Lair:3   | Found a hole to the Spider Nest.
 24097 | Lair:4   | Found a staircase to the Swamp.
 24097 | Lair:4   | Noticed a bog body
 24121 | Lair:4   | Killed a bog body
 24122 | Lair:4   | Gained mutation: Your thick and shaggy fur keeps you warm.
                  | (AC +3, rC+) [Felid growth]
 24122 | Lair:4   | Reached XP level 12. HP: 45/51 MP: 13/16
 24350 | Lair:3   | Reached skill level 1 in Invocations
 24439 | Lair:3   | Learned a level 4 spell: Cause Fear
 25281 | Lair:4   | Noticed an eight-headed hydra
 25334 | Lair:4   | Reached skill level 5 in Invocations
 25780 | Lair:5   | Noticed a six-headed hydra
 25800 | Lair:5   | Found a runed translucent gate.
 25801 | Lair:5   | Found a runed translucent gate.
 25802 | Lair:5   | Found a runed translucent gate.
 25806 | Lair:5   | Noticed Plazmod's ghost (journeyman DECj)
 25812 | Lair:5   | Noticed Urug
 25861 | Lair:5   | Noticed a seven-headed hydra
 26607 | Lair:4   | Killed an eight-headed hydra
 27010 | Lair:5   | Found a staircase to the Slime Pits.
 27543 | Lair:4   | Splashed by a jelly's acid

Illustrated notes

Levels and vault maps discovered:
D:1:      erik_arrival_orb_chamber, layout_basic, minmay_misc_feat_encased,
          minmay_misc_feat_room
D:2:      layout_rooms, kennysheep_boxes, uniq_jessica
D:3:      layout_loops_corners, chequers_ecumenical_altar_island
D:4:      layout_loops_ring, zin_statuary, minmay_temple_entry_gardened_gates,
          gup_sewer_entry_bowl, makhleb_blood_cavern_becter
D:5:      layout_gridville, serial_shops, shop_fountains, uniq_ijyb
D:6:      layout_loops_ring, uniq_eustachio
D:7:      layout_basic, nicolae_elemental_shop
D:8:      layout_cave_pools, minmay_lair_entry_grove, serial_gnoll_camp,
          gnoll_camp_mini_hut, gnoll_camp_mini_shop, gnoll_camp_huts_basic,
          gnoll_camp_mini_hut, serial_shops, shop,
          nicolae_ru_the_path_less_chosen
D:9:      gammafunk_indiana_jones, layout_stronghold
D:10:     layout_roguey, serial_shops, shop, kennysheep_dice
Temple:   roderic_octagonal_lattice_temple
Lair:1:   layout_chaotic_city, patterned_corridor
Lair:2:   layout_layer_cave, special_room [special_room_bee],
          kennysheep_abandoned_house, minmay_lair_oklob_chamber
Lair:3:   layout_gridlike, spider_nest_entry_rubble, st_stairs_9,
          guppyfry_lair_drakes
Lair:4:   layout_cave_pods, skrybe_swamp_entry_bodies, minmay_lair_oklob_items,
          grunt_forest_large_clearings
Lair:5:   layout_cave_pods, nicolae_slime_entry_slimehenge,
          gammafunk_ghost_split, gauntlet_entry_generic, beast_lair_carwin_6,
          serial_bayou_shore_a, serial_bayou_shore_b, uniq_kirke, uniq_urug

Skill      XL: |  1  2  3  4  5  6  7  8  9 10 11 12 |
---------------+-------------------------------------+-----
Unarmed Combat | 2 3 4 6 |  6.4
Ice Magic      | 1 2 5 6 |  6.6
Hexes          | 5 8 10 13 14 | 14.3
Stealth        | 5 8 11 14 | 14.2
Fighting       | 2 5 |  5.2
Evocations     | 1 5 |  5.4
Dodging        | 4 12 | 12.8
Invocations    | 7 |  7.6
Spellcasting   | |  2.0

Action                   |  1- 3 |  4- 6 |  7- 9 | 10-12 || total
-------------------------+-------+-------+-------+-------++-------
Melee: Unarmed           |    89 |   155 |   296 |   297 ||   837
       Bite              |     6 |    10 |    19 |    11 ||    46
       Punch             |       |     1 |     4 |     7 ||    12
 Cast: Ensorcelled Hiber |    18 |    91 |   178 |   220 ||   507
       Confusing Touch   |       |     1 |    16 |    12 ||    29
       Tukima's Dance    |       |       |     7 |     2 ||     9
       Cause Fear        |       |       |       |     4 ||     4
Invok: Recite            |       |     1 |       |       ||     1
       Vitalisation      |       |       |     1 |     4 ||     5
Evoke: Wand              |       |       |       |     9 ||     9
  Use: Scroll            |       |     3 |     9 |     5 ||    17
       Potion            |       |     1 |     3 |     3 ||     7
 Stab: Sleeping          |    13 |    60 |   127 |   147 ||   347
       Confused          |       |     1 |    13 |    11 ||    25
       Distracted        |       |       |     2 |     2 ||     4
       Invisible         |       |       |       |     8 ||     8
Armor: Skin              |     2 |    14 |    22 |    15 ||    53
Dodge: Dodged            |    88 |   148 |   329 |   458 ||  1023
